 Dungeon Crawl Stone Soup version 0.28.0 (webtiles) character file.

Game seed: 12907122912084442706

47 mathmaestro the Covered (level 3, -2/24 HPs)
             Began as a Gargoyle Fighter on Feb 8, 2022.
             Slain by Natasha (3 damage)
             ... on level 2 of the Dungeon.
             The game lasted 00:01:54 (955 turns).

mathmaestro the Covered (Gargoyle Fighter)           Turns: 955, Time: 00:01:54

Health: -2/24      AC: 10    Str: 19    XL:     3   Next: 70%
Magic:  3/3        EV:  9    Int:  8    God:
Gold:   17         SH:  4    Dex: 11    Spells: 2/2 levels left

rFire   . . .      SeeInvis .   f - +0 whip (vamp)
rCold   . . .      Faith    .   c - +0 buckler
rNeg    + . .      Spirit   .   b - +0 scale mail
rPois   ∞          Reflect  .   (no helmet)
rElec   +          Harm     .   (no cloak)
rCorr   .          Rampage  .   (no gloves)
Will    .....                   (no boots)
Stlth   ..........              (no amulet)
HPRegen 0.08/turn               (no ring)
MPRegen 0.08/turn               (no ring)

@: attractive
A: sickness immunity, AC +3, negative energy resistance 1, electricity
resistance, torment resistance 1, petrification resistance
a: no special abilities


You were on level 2 of the Dungeon.
You visited 1 branch of the dungeon, and saw 2 of its levels.

You collected 17 gold pieces.

Inventory:

Hand Weapons
 f - a +0 vampiric whip (weapon)
Armour
 b - a +0 scale mail (worn)
 c - a +0 buckler (worn)
Scrolls
 a - 2 scrolls of summoning {unknown}
 e - a scroll of identify {unknown}
 g - a scroll of enchant weapon {unknown}
 i - a scroll of fear {unknown}
 j - a scroll of immolation {unknown}
Potions
 d - a potion of might


   Skills:
 + Level 3.7 Fighting
 + Level 2.5 Maces & Flails
 + Level 3.8 Armour
 + Level 3.7 Shields


You had 2 spell levels left.
You didn't know any spells.
Your spell library contained the following spells:

 Spells                   Type           Power      Damage    Failure   Level
 Gell's Gravitas          Tloc           0%         N/A       99%         3
 Lesser Beckoning         Tloc           0%         N/A       99%         3
 Teleport Other           Tloc           0%         N/A       99%         3


Dungeon Overview and Level Annotations

Branches:
Dungeon (2/15)

Altars:

Annotations:
D:2 Natasha


Innate Abilities, Weirdness & Mutations

You are immune to sickness and miasma.
Your stone body is resilient. (AC +3)
You are immune to poison.
You resist negative energy. (rN+)
You are resistant to electric shocks. (rElec)
You are resistant to unholy torment.
You are immune to petrification.


Message History

The hobgoblin is moderately wounded.
The hobgoblin closely misses you. Natasha claws you but does no damage.
You barely miss the hobgoblin.
The hobgoblin is moderately wounded.
You block the hobgoblin's attack. Natasha claws you!
You barely miss the hobgoblin.
The hobgoblin is moderately wounded.
The hobgoblin hits you.
The shadow imp hits you but does no damage.
You block Natasha's attack.
You hit the hobgoblin.
You feel better.
The hobgoblin is almost dead.
The hobgoblin hits you but does no damage.
The shadow imp barely misses you. Natasha claws you.
You barely miss the hobgoblin.
The hobgoblin is almost dead.
The hobgoblin hits you but does no damage.
The shadow imp completely misses you. Natasha claws you but does no damage.
You hit the hobgoblin.
You feel better.
You kill the hobgoblin!
The shadow imp hits you. Natasha claws you.
* * * LOW HITPOINT WARNING * * *
You are too injured to fight recklessly!
You are too injured to fight recklessly!
You are too injured to fight recklessly!
You are too injured to fight recklessly!
You are too injured to fight recklessly!
You are too injured to fight recklessly!
You are too injured to fight recklessly!
You are too injured to fight recklessly!
You are too injured to fight recklessly!
You are too injured to fight recklessly!
You are too injured to fight recklessly!
Unknown command.
You barely miss Natasha. The shadow imp closely misses you. Natasha claws you.
* * * LOW HITPOINT WARNING * * *
It was a potion of attraction.
You feel attractive to monsters. You block the shadow imp's attack.
Natasha claws you.
You die...

#.# #.# #.# #.#
#.# #.# #.# #.# .
#.#####.###
..######.........#
...<.....#####.#.#
#.######.# ##†#.#
# #.# #...@# #.#
#..#5h......) #.#
#.....#######
...........
#.####..#.## #..
.....# #"....#
#......


You could see Natasha and a shadow imp (summoned).

Vanquished Creatures
  An adder (D:2)
  5 ball pythons (D:1)
  An endoplasm (D:1)
  A giant cockroach (D:1)
  2 hobgoblins
  9 jackals (D:1)
  2 quokkas (D:1)
  3 bats (D:1)
  3 frilled lizards
  3 goblins (D:1)
  2 kobolds (D:1)
  2 rats
34 creatures vanquished.

Notes
Turn   | Place    | Note
-------+----------+-------------------------------------------
     0 | D:1      | mathmaestro the Gargoyle Fighter began the quest for the
                  | Orb.
     0 | D:1      | Reached XP level 1. HP: 14/14 MP: 1/1
   389 | D:1      | Reached XP level 2. HP: 19/19 MP: 2/2
   665 | D:1      | Reached XP level 3. HP: 23/23 MP: 3/3
   944 | D:2      | Noticed Natasha
   954 | D:2      | HP: 1/24 [Natasha (4)]
   955 | D:2      | Slain by Natasha

Illustrated notes

Levels and vault maps discovered:
D:1:      minmay_arrival_statue_studded, layout_basic
D:2:      layout_loops_ring, serial_shops, shop,
          shapermc_ecumenical_altar_totnotflames, uniq_natasha, uniq_jessica

Action                   || total
-------------------------++-------
Melee: Flail             ||    24
       Whip              ||   120
  Use: Potion            ||     1
Armor: Scale mail        ||    93
Dodge: Dodged            ||   113
Block: Buckler           ||    38
